 Dungeon Crawl Stone Soup version 0.31.0-10-gcf4a605ca0 (webtiles) character file.

Game seed: 16356275985616444604

10666 stipulation the Thaumaturge (level 11, -4/47 HPs)
             Began as a Vine Stalker Necromancer on Jan 25, 2024.
             Was an Elder of Kikubaaqudgha.
             Slain by Snorg (8 damage)
             ... on level 10 of the Dungeon.
             The game lasted 00:36:53 (15261 turns).

stipulation the Thaumaturge (VSNe)                 Turns: 15261, Time: 00:36:54

Health: -4/47      AC: 14    Str: 12    XL:     11   Next: 65%
Magic:  0/29       EV: 10    Int: 25    God:    Kikubaaqudgha [****..]
Gold:   482        SH:  0    Dex: 14    Spells: 14/36 levels left

rFire   . . .        s - +2 dagger (venom)
rCold   + . .        (no shield)
rNeg    . . .        i - +5 ring mail "Sodduweo" {rC+ Will+ SInv}
rPois   .            n - +0 helmet
rElec   .            D - +0 cloak
rCorr   .            (no gloves)
SInv    +            H - +0 pair of boots
Will    +++..        A - amulet of regeneration
Stlth   +            C - ring of willpower
HPRegen 1.87/turn    a - +6 ring of intelligence
MPRegen 0.21/turn

%: guardian spirit
@: no status effects
A: fangs 3, regeneration 1, magic shield, antimagic bite, no potion heal 2
a: Renounce Religion, Unearth Wretches


You were on level 10 of the Dungeon.
You worshipped Kikubaaqudgha.
Kikubaaqudgha was greatly pleased with you.
You visited 2 branches of the dungeon, and saw 11 of its levels.
You also visited: Bailey.

You collected 482 gold pieces.

Inventory:

Hand Weapons
 s - a +2 dagger of venom (weapon)
Armour
 i - the +5 ring mail "Sodduweo" (worn) {rC+ Will+ SInv}
   (You found it on level 2 of the Dungeon)

   rC+:       It protects you from cold.
   Will+:     It increases your willpower.
   SInv:      It lets you see invisible.
 m - a scarf of harm
 n - a +0 helmet (worn)
 D - a +0 cloak (worn)
 H - a +0 pair of boots (worn)
Jewellery
 a - a +6 ring of intelligence (right hand)
 f - a ring of flight
 u - a +5 ring of evasion
 A - an amulet of regeneration (around neck)
 C - a ring of willpower (left hand)
 J - a ring of poison resistance
 K - a ring of willpower
Wands
 w - a wand of flame (34)
Scrolls
 d - 2 scrolls of butterflies
 g - 3 scrolls of enchant armour
 h - 2 scrolls of poison {unknown}
 l - 2 scrolls of torment
 o - 2 scrolls of immolation {unknown}
 p - 3 scrolls of fear {unknown}
 q - 3 scrolls of fog {unknown}
 t - a scroll of brand weapon {unknown}
 x - 4 scrolls of enchant weapon {unknown}
 y - a scroll of amnesia {unknown}
 z - 2 scrolls of teleportation {unknown}
 F - a scroll of acquirement
 L - a scroll of identify
Potions
 b - a potion of magic
 c - 3 potions of heal wounds {unknown}
 e - a potion of invisibility {unknown}
 j - 3 potions of brilliance
 k - 5 potions of curing
 r - 4 potions of haste
 v - 2 potions of lignification
 B - a potion of might {unknown}
 E - a potion of berserk rage {unknown}
 G - 2 potions of mutation {unknown}
 I - a potion of resistance {unknown}


   Skills:
 + Level 2.2 Short Blades
 - Level 5.0 Armour
 - Level 1.5 Dodging
 - Level 2.4 Stealth
 + Level 13.3 Spellcasting
 + Level 1.4 Summonings
 + Level 9.3 Necromancy
 - Level 4.0 Translocations
 - Level 4.0 Earth Magic


You had 14 spell levels left.
You knew the following spells:

 Your Spells              Type           Power      Damage    Failure   Level
a - Necrotise             Necr           100%       1d9       1%          1
b - Vampiric Draining     Necr           58%        2d10      1%          3
c - Sandblast             Erth           72%        2d16      1%          1
d - Blink                 Tloc           72%        N/A       2%          2
e - Sublimation of Blood  Necr           58%        N/A       1%          2
f - Curse of Agony        Necr           58%        N/A       4%          5
g - Animate Dead          Necr           58%        N/A       1%          4
h - Martyr's Knell        Necr/Summ      43%        N/A       9%          4

Your spell library contained the following spells:

 Spells                   Type           Power      Damage    Failure   Level
 Kiss of Death            Conj/Necr      100%       2d13      1%          1
 Fugue of the Fallen      Necr           58%        N/A       1%          3
 Lesser Beckoning         Tloc           72%        N/A       2%          2
 Momentum Strike          Conj/Tloc      52%        3d9       4%          2
 Passwall                 Erth           36%        N/A       4%          3
 Stone Arrow              Conj/Erth      52%        3d10      10%         3
 Anguish                  Hex/Necr       19%        N/A       11%         4
 Death Channel            Necr           29%        N/A       26%         6
 Brom's Barrelling Bould  Conj/Erth      26%        2d5       32%         4


Dungeon Overview and Level Annotations

Branches:
Dungeon (10/15)            Temple (1/1) D:4             Orc (0/2) D:9
 Bailey (visited)
   Lair: D:8-11

Altars:
Ashenzari
Cheibriados
Dithmenos
Elyvilon
Fedhas
Hepliaklqana
Kikubaaqudgha
Makhleb
Nemelex Xobeh
Okawaru
Qazlal
Ru
Sif Muna
Trog
Uskayaw
Vehumet
Wu Jian
Xom
Yredelemnul
Zin
The Shining One

Shops:
D:1 (?   D:2 (   D:8 [

Annotations:
D:3 1 runed translucent door, Crazy Yiuf
D:10 Snorg


Innate Abilities, Weirdness & Mutations

You have razor-sharp teeth.
Your natural rate of healing is unusually fast.
When hurt, damage is shared between your health and your magic reserves.
Your bite disrupts and absorbs the magic of your enemies.
Potions cannot restore your health.


Message History

Okay, then.
Unknown command.
Unknown command.
Casting: Necrotise (safe; 1% risk of failure)
Confirm with . or Enter, or press ? or * to list all spells.
Aiming: Curse of Agony (quite dangerous; 4% risk of failure)
Press: ? - help, Shift-Dir - straight line, f/p - Snorg
Aim: Snorg (berserk, chance to affect: 70%) Snorg struggles to resist.
Snorg bites you! Snorg closely misses you. Snorg claws you but does no damage.
The orc splashes around in the water.
Your orc skeleton splashes around in the water.
Your orc wizard skeleton hits the orc.
Casting: Curse of Agony (quite dangerous; 4% risk of failure)
Confirm with . or Enter, or press ? or * to list all spells.
Aiming: Curse of Agony (quite dangerous; 4% risk of failure)
Press: ? - help, Shift-Dir - straight line, f/p - Snorg
Aim: Snorg (berserk, chance to affect: 70%) Snorg is cursed with the promise of agony.
Snorg bites you! Snorg claws you! Snorg closely misses you.
Your orc priest skeleton splashes around in the water.
The orc hits your orc wizard skeleton with a +0 club.
Snorg bites you. Snorg claws you but does no damage. Snorg claws you.
* * * LOW HITPOINT WARNING * * *
Your orc skeleton hits the orc.
Your orc wizard skeleton splashes around in the water.
You hit Snorg.
Snorg is poisoned.
Snorg convulses!
You bite Snorg. You drain her power.
You feel invigorated.
Snorg is heavily wounded.
Snorg bites you but does no damage. Snorg claws you but does no damage.
Snorg claws you.
* * * LOW HITPOINT WARNING * * *
The orc splashes around in the water.
Your orc priest skeleton barely misses the orc.
You barely miss Snorg.
Snorg is heavily wounded.
Snorg bites you!
* * * LOW HITPOINT WARNING * * *
Snorg barely misses you. Snorg claws you!
You die...
Kikubaaqudgha rasps: "You have failed me!
Welcome... death!"

# #.##.#####.# .
#..........# ##.
####.#######
##.?######........
.........#.#######
.~.......#.÷<#
≈~..≈....#)###
≈~≈~~..T.#'###
≈~≈Z))~.@)...#
..oZ~..).....#
?~~Z.~~†.....#
..~≈~~.......#
.~~≈≈≈~......#
~.≈≈≈~.......#
≈≈~≈≈.........
≈≈~~~........>


You could see Snorg (berserk, very poisoned, agonized), an orc (distracted, ally
target), a friendly orc skeleton, a friendly orc priest skeleton and a friendly
orc wizard skeleton.

Vanquished Creatures
  Erolcha (D:9)
  A two-headed ogre (D:9)
  An orc knight (Bailey)
  An orc sorcerer (Bailey)
  A kobold demonologist (Bailey)
  A gargoyle (D:10)
  Psyche (D:8)
  2 trolls (D:10)
  Prince Ribbit (D:6)
  Grinder (D:4)
  2 wraiths
  Edmund (D:6)
  Menkaure (D:6)
  2 water moccasins
  15 orc warriors
  An ice beast (D:6)
  3 sky beasts
  Pargi (D:3)
  2 ogres (D:5)
  3 wolves
  5 centaurs
  4 phantoms
  2 lemures (D:4)
  3 kobold brigands
  4 bullfrogs (D:7)
  A gnoll sergeant (D:9)
  2 scorpions
  3 wights
  15 killer bees
  6 electric eels
  4 howler monkeys
  2 bombardier beetles
  2 jellies
  A gnoll bouda (D:7)
  4 orc priests
  5 hounds
  3 sleepcaps (D:5)
  Terence (D:3)
  2 iguanas
  7 orc wizards
  Robin (D:3)
  19 gnolls
  10 adders
  4 white imps
  A ribbon worm (D:4)
  2 dart slugs (D:1)
  32 orcs
  2 bats
  7 endoplasms
  4 giant cockroaches
  25 goblins
  14 hobgoblins
  5 jackals (D:2)
  4 quokkas
  3 ball pythons
  6 frilled lizards
  16 kobolds
  5 rats
278 creatures vanquished.

Vanquished Creatures (collateral kills)
  An orc warrior (Bailey)
  A gnoll (D:9)
  An endoplasm (D:4)
  A hobgoblin (Bailey)
4 creatures vanquished.

Vanquished Creatures (others)
  Pikel (D:5)
  A wolf zombie (D:10)
  A hound zombie (D:10)
  An orc (D:8)
4 creatures vanquished.

Grand Total: 286 creatures vanquished

Notes
Turn   | Place    | Note
-------+----------+-------------------------------------------
     0 | D:1      | stipulation the Vine Stalker Necromancer began the quest
                  | for the Orb.
     0 | D:1      | Reached XP level 1. HP: 9/9 MP: 4/4
   136 | D:1      | Reached XP level 2. HP: 7/13 MP: 0/6
   456 | D:1      | Reached XP level 3. HP: 16/16 MP: 5/8
   533 | D:1      | Reached skill level 3 in Spellcasting
   792 | D:1      | Found Erel's Weapon Shop.
   828 | D:1      | Found Mikeiqah's Magic Scroll Boutique.
  1136 | D:2      | Identified the +5 ring mail "Sodduweo" {rC+ Will+ SInv}
  1340 | D:2      | Found Xienicw's Antique Weapon Boutique.
  1442 | D:2      | Reached XP level 4. HP: 21/21 MP: 5/9
  2127 | D:3      | Learned a level 3 spell: Vampiric Draining
  2144 | D:3      | Noticed Robin
  2158 | D:3      | Reached skill level 1 in Armour
  2251 | D:3      | Killed Robin
  2426 | D:3      | Reached skill level 5 in Necromancy
  2456 | D:3      | Found a sparkling altar of Nemelex Xobeh.
  2457 | D:3      | Found a glowing silver altar of Zin.
  2459 | D:3      | Found an iron altar of Okawaru.
  2460 | D:3      | Found a blossoming altar of Fedhas.
  2552 | D:3      | Found a shadowy altar of Dithmenos.
  2561 | D:3      | Reached XP level 5. HP: 24/24 MP: 4/11
  2768 | D:3      | Noticed Terence
  2775 | D:3      | Killed Terence
  2925 | D:3      | Noticed Pargi
  2948 | D:3      | Killed Pargi
  2949 | D:3      | Reached skill level 4 in Spellcasting
  2949 | D:3      | Reached XP level 6. HP: 15/28 MP: 8/13
  3078 | D:3      | Found a faded altar of an unknown god.
  3477 | D:3      | Found a runed translucent door.
  3478 | D:3      | Noticed Crazy Yiuf
  4295 | D:4      | Reached XP level 7. HP: 32/32 MP: 11/15
  4417 | D:4      | Found a staircase to the Ecumenical Temple.
  4418 | D:4      | Noticed Grinder
  4427 | Temple   | Entered the Ecumenical Temple
  4447 | Temple   | Became a worshipper of Kikubaaqudgha
  4962 | D:5      | Entered Level 5 of the Dungeon
  4962 | D:5      | Noticed Pikel
  5451 | D:5      | Reached skill level 5 in Spellcasting
  5468 | D:5      | Killed Pikel
  5483 | D:5      | Reached skill level 6 in Spellcasting
  5483 | D:5      | Gained mutation: You have razor-sharp teeth. [Vine Stalker
                  | growth]
  5483 | D:5      | Reached XP level 8. HP: 36/36 MP: 15/18
  6096 | D:5      | Reached skill level 5 in Armour
  6096 | D:5      | Reached skill level 7 in Spellcasting
  6437 | D:5      | Reached * piety under Kikubaaqudgha
  6437 | D:5      | Received a gift from Kikubaaqudgha
  6705 | D:6      | Reached skill level 8 in Spellcasting
  6736 | D:6      | Noticed Prince Ribbit
  6749 | D:6      | Killed Prince Ribbit
  6750 | D:6      | Reached XP level 9. HP: 39/39 MP: 15/22
  6907 | D:6      | Reached skill level 9 in Spellcasting
  7347 | D:6      | Reached skill level 1 in Earth Magic
  7412 | D:6      | Found a radiant altar of Vehumet.
  7412 | D:6      | Found a shimmering altar of Xom.
  7753 | D:4      | Killed Grinder
  7907 | D:6      | Noticed Edmund
  7922 | D:6      | Killed Edmund
  8011 | D:6      | Reached skill level 10 in Spellcasting
  8111 | D:6      | Identified the +1 leather armour "Urasm" {SInv Stlth+}
  8223 | D:6      | Learned a level 1 spell: Sandblast
  8405 | D:6      | Noticed Menkaure
  8414 | D:6      | Killed Menkaure
  8796 | D:6      | Found a shimmering altar of Xom.
  8814 | D:6      | Found a radiant altar of Vehumet.
  9263 | D:7      | Found a flagged portal.
  9278 | Bailey   | Entered a bailey
  9408 | Bailey   | Reached ** piety under Kikubaaqudgha
  9584 | Bailey   | Reached XP level 10. HP: 44/44 MP: 21/25
  9609 | Bailey   | Found an iron altar of Okawaru.
  9611 | Bailey   | Noticed a kobold demonologist
  9629 | Bailey   | Noticed a sun demon
  9634 | Bailey   | Killed a kobold demonologist
  9967 | Bailey   | Noticed an orc sorcerer
  9970 | Bailey   | Noticed a soul eater
  9999 | Bailey   | Killed an orc sorcerer
 10000 | Bailey   | Reached skill level 11 in Spellcasting
 10348 | Bailey   | Noticed an orc knight
 10420 | Bailey   | Killed an orc knight
 10666 | Bailey   | Reached skill level 12 in Spellcasting
 10933 | D:7      | Found a stormy altar of Qazlal.
 11583 | D:7      | Reached *** piety under Kikubaaqudgha
 11583 | D:7      | Received a gift from Kikubaaqudgha
 11850 | D:7      | Acquired a book of Spatial Translocations
 11857 | D:7      | Learned a level 2 spell: Blink
 12041 | D:8      | Noticed Psyche
 12050 | D:8      | Killed Psyche
 12051 | D:8      | Reached skill level 1 in Translocations
 12082 | D:8      | Found Gotu's Armour Shoppe.
 12105 | D:8      | Reached XP level 11. HP: 44/47 MP: 21/28
 12306 | D:8      | Found a sacrificial altar of Ru.
 12488 | D:8      | Found a white marble altar of Elyvilon.
 12490 | D:8      | Found a burning altar of Makhleb.
 12551 | D:8      | Learned a level 2 spell: Sublimation of Blood
 12557 | D:8      | Learned a level 5 spell: Curse of Agony
 12577 | D:9      | Noticed Erolcha
 12589 | D:9      | Killed Erolcha
 12755 | D:9      | Found a staircase to the Orcish Mines.
 12780 | D:9      | Reached skill level 13 in Spellcasting
 13070 | D:9      | Reached **** piety under Kikubaaqudgha
 13439 | D:9      | Noticed a two-headed ogre
 13503 | D:9      | Killed a two-headed ogre
 13504 | D:9      | Reached skill level 1 in Short Blades
 13974 | D:10     | Entered Level 10 of the Dungeon
 14435 | D:9      | Learned a level 4 spell: Animate Dead
 14440 | D:9      | Learned a level 4 spell: Martyr's Knell
 14920 | D:10     | Reached skill level 1 in Summonings
 15252 | D:10     | Noticed Snorg
 15261 | D:10     | Slain by Snorg

Illustrated notes

Levels and vault maps discovered:
D:1:      dpeg_arrival_tiny_i, layout_loops_ring, serial_shops, shop, shop
D:2:      layout_basic, serial_shops, nicolae_shop_rolling_square
D:3:      layout_loops_ring, mainiacjoe_overflow_boulevard, minitemple,
          hellmonk_ecumenical_altar_run_dry, uniq_crazy_yiuf_cottage,
          uniq_pargi, uniq_terence, uniq_robin
D:4:      layout_basic, minmay_temple_entry_tees, minmay_quantized, uniq_grinder
D:5:      layout_cave_pods, uniq_pikel
D:6:      layout_basic, mainiacjoe_overflow_large_starburst,
          uniq_prince_ribbit1, uniq_edmund, uniq_menkaure
D:7:      layout_loops_corners, nicolae_qazlal_eye_of_the_storm,
          enter_ossuary_2, enter_bailey_3, minmay_statues_item, st_stairs_3,
          grunt_ministairs_1
D:8:      layout_rooms, nicolae_overflow_hidden_temple, serial_shops, shop,
          minmay_misc_feat_doors, chequers_serial_rivers_marsh, uniq_psyche
D:9:      layout_basic, orc_0_dummy, roderic_serpentine_path, uniq_erolcha
D:10:     layout_basic, erik_lair_island, corexii_hall_statues_l,
          minmay_tree_intersection, uniq_snorg, uniq_grum
Temple:   hellmonk_temple_micro_hex

Skill      XL: |  1  2  3  4  5  6  7  8  9 10 11 |
---------------+----------------------------------+-----
Spellcasting   | 3 4 6 8 10 12 13 | 13.3
Armour         | 1 2 4 5 |  5.0
Necromancy     | 5 6 8 9 |  9.3
Earth Magic    | 4 |  4.0
Translocations | 1 4 |  4.0
Short Blades   | 2 |  2.2
Summonings     | 1 |  1.4
Dodging        | |  1.5
Stealth        | |  2.4

Action                     |  1- 3 |  4- 6 |  7- 9 | 10-12 || total
---------------------------+-------+-------+-------+-------++-------
  Melee: Unarmed           |     7 |    42 |       |       ||    49
         Bite              |     4 |    18 |    90 |   105 ||   217
         Dagger            |       |    29 |   257 |   327 ||   613
         Punch             |       |       |     2 |     3 ||     5
   Cast: Necrotise         |    67 |   116 |   111 |   186 ||   480
         Vampiric Draining |       |     3 |    19 |    28 ||    50
         Sandblast         |       |       |     9 |    20 ||    29
         Curse of Agony    |       |       |       |     8 ||     8
         Animate Dead      |       |       |       |     1 ||     1
    Use: Scroll            |       |       |     5 |     3 ||     8
         Potion            |       |       |       |     1 ||     1
 Armour: Robe              |     2 |       |       |       ||     2
         Ring mail         |     5 |    89 |   146 |   370 ||   610
  Dodge: Dodged            |    12 |    80 |   165 |   345 ||   602
